 Dungeon Crawl Stone Soup version 0.27-a0-901-g8736458e1e (webtiles) character file.

Game seed: 16824660126187811547

1722 DarkShadow the Cleaver (level 8, -3/69 HPs)
             Began as a Minotaur Fighter on Apr 6, 2021.
             Slain by a vampire (7 damage)
             ... on level 6 of the Dungeon.
             The game lasted 00:09:54 (5141 turns).

DarkShadow the Cleaver (Minotaur Fighter)           Turns: 5141, Time: 00:09:55

Health: -3/69      AC: 12    Str: 21    XL:     8   Next: 75%
Magic:  7/7        EV: 10    Int:  5    God:
Gold:   223        SH: 11    Dex: 18    Spells: 7/7 levels left

rFire    . . .     SeeInvis .   a - +0 war axe
rCold    . . .     Faith    .   c - +0 kite shield
rNeg     + . .     Spirit   .   d - +3 scale mail {rN+}
rPois    .         Reflect  .   (helmet restricted)
rElec    .         Harm     .   m - +0 cloak
rCorr    .         Rampage  .   (no gloves)
Will     .....                  (no boots)
Stlth    +.........             (no amulet)
HPRegen  0.21/turn              f - +6 ring of dexterity
MPRegen  0.10/turn              (no ring)

@: no status effects
A: horns 2, retaliatory headbutt
a: no special abilities


You were on level 6 of the Dungeon.
You visited 1 branch of the dungeon, and saw 5 of its levels.

You collected 223 gold pieces.

Inventory:

Hand Weapons
 a - a +0 war axe (weapon)
Missiles
 g - 8 curare-tipped darts (quivered)
Armour
 b - a +0 scale mail
 c - a +0 kite shield (worn)
 d - a +3 scale mail of positive energy (worn)
 m - a +0 cloak (worn)
Jewellery
 f - a +6 ring of dexterity (left hand)
 l - a +4 ring of protection
Potions
 e - 3 potions of flight {unknown}
 h - a potion of magic {unknown}
 i - 2 potions of lignification
 j - 4 potions of curing {unknown}
 k - a potion of cancellation {unknown}


   Skills:
 + Level 5.5 Fighting
 + Level 8.2 Axes
 + Level 7.4 Armour
 + Level 2.8 Dodging
 + Level 0.9 Stealth
 + Level 7.7 Shields


You had 7 spell levels left.
You didn't know any spells.
Your spell library was empty.

Dungeon Overview and Level Annotations

Branches:
Dungeon (6/15)
 Temple: D:4-7

Altars:
Elyvilon
Gozag
Nemelex Xobeh

Shops:
D:6 *

Annotations:
D:6 Dowan


Innate Abilities, Weirdness & Mutations

You have a pair of horns on your head.
You reflexively headbutt those who attack you in melee.


Message History

HP restored.
There is an open door here.
Things that are here:
a +0 club; a +0 leather armour; an orc corpse
Things that are here:
a +0 dagger; a +0 robe You open the door.
There is an open door here.
A vampire comes into view.
You see here a scroll labelled WELA TEMNAOSOTS.
The vampire casts a spell at you. You resist with some effort.
The vampire points at itself and mumbles some strange words.
The vampire flickers and vanishes!
Deactivating autopickup; reactivate with Ctrl-A.
You closely miss something. You headbutt something.
You block something's attack. Something bites you!
Something draws strength from your injuries!
You slash something! Something hits you! Something bites you.
Something draws strength from your injuries!
You closely miss something. Something hits you but does no damage.
Something bites you but does no damage.
You miss something. Something completely misses you. x2
You slash something! Your headbutt misses something.
Something hits you but does no damage. Something bites you but does no damage.
Something hits you! Something bites you!
Your shield prevents you from hitting something.
Something hits you but does no damage. Something bites you.
Something draws strength from your injuries!
You barely miss something. Something hits you!
* * * LOW HITPOINT WARNING * * *
Something bites you.
* * * LOW HITPOINT WARNING * * *
Something draws strength from your injuries!
You closely miss something. Your headbutt misses something.
Something hits you but does no damage. Something bites you but does no damage.
You closely miss something. Something hits you!
* * * LOW HITPOINT WARNING * * *
Something bites you!
You die...

##### ##...##..#
... +#
#....##..# .. ..
#....##..#....#
.. #.....#..#.
..# ..
#.<...#..' ...#
.. #.....#..#
...## ..
#.....#{.#......
##....#@.#......
..
#.>..#.?'......
..
#....#..#......
.. #....#..#
..... ..
#....#..#######
. #....#......#
#....#......#
#...##......#
##...##......+


There were no monsters in sight!

Vanquished Creatures
  Menkaure (D:6)
  An orc warrior (D:6)
  2 black bears
  4 ogres
  A sky beast (D:5)
  2 kobold brigands (D:4)
  A phantom (D:6)
  A scorpion (D:5)
  2 bullfrog zombies
  3 quasits (D:5)
  A gnoll shaman (D:5)
  Crazy Yiuf (D:5)
  A hound (D:5)
  3 iguanas
  Natasha (D:2)
  An orc wizard (D:6)
  Terence (D:2)
  2 hound skeletons
  6 adders
  4 gnolls (D:5)
  A white imp (D:5)
  2 ufetubi (D:4)
  The ghost of TheWayOfAllFlesh the Covert, a weakling GnDe (D:5)
  8 orcs
  4 ball pythons
  2 bats
  10 endoplasms
  3 giant cockroaches
  3 goblins
  7 hobgoblins
  13 jackals
  3 quokkas
  3 frilled lizards
  11 kobolds
  4 rats (D:1)
114 creatures vanquished.

Notes
Turn   | Place    | Note
-------+----------+-------------------------------------------
     0 | D:1      | DarkShadow the Minotaur Fighter began the quest for the
                  | Orb.
     0 | D:1      | Reached XP level 1. HP: 19/19 MP: 0/0
   153 | D:1      | Reached XP level 2. HP: 24/27 MP: 1/1
   726 | D:1      | Reached XP level 3. HP: 33/33 MP: 2/2
   998 | D:2      | Reached skill level 3 in Axes
  1346 | D:2      | Noticed Natasha
  1352 | D:2      | Killed Natasha
  1353 | D:2      | Reached XP level 4. HP: 40/40 MP: 3/3
  1534 | D:2      | Noticed Terence
  1540 | D:2      | Killed Terence
  1568 | D:2      | You fall into a shaft and drop 2 floors!
  1572 | D:4      | Reached skill level 4 in Axes
  1754 | D:4      | Reached XP level 5. HP: 44/46 MP: 4/4
  2075 | D:4      | Found an opulent altar of Gozag.
  2089 | D:4      | Noticed a black bear
  2094 | D:4      | Killed a black bear
  2095 | D:4      | Reached skill level 5 in Axes
  2095 | D:4      | Reached skill level 5 in Armour
  2095 | D:4      | Reached skill level 5 in Shields
  2095 | D:4      | Reached XP level 6. HP: 53/53 MP: 5/5
  2280 | D:4      | Identified the +4 trident of the Endless March {pain, rElec
                  | Stlth+}
  2287 | D:4      | Reached skill level 1 in Dodging
  2978 | D:5      | Entered Level 5 of the Dungeon
  2990 | D:5      | Noticed a sky beast
  2994 | D:5      | Killed a sky beast
  2995 | D:5      | Reached XP level 7. HP: 60/60 MP: 6/6
  3117 | D:5      | Noticed TheWayOfAllFlesh's ghost (weakling GnDe)
  3178 | D:5      | Found a transporter.
  3193 | D:5      | Found a transporter.
  3196 | D:5      | Killed TheWayOfAllFlesh's ghost
  3201 | D:5      | Reached skill level 6 in Axes
  3504 | D:5      | Reached skill level 5 in Fighting
  3504 | D:5      | Reached XP level 8. HP: 20/68 MP: 7/7
  3811 | D:5      | Found a white marble altar of Elyvilon.
  4089 | D:5      | Found a runed translucent door.
  4090 | D:5      | Noticed Crazy Yiuf
  4098 | D:5      | Killed Crazy Yiuf
  4229 | D:6      | Noticed Menkaure
  4243 | D:6      | Killed Menkaure
  4244 | D:6      | Reached skill level 7 in Axes
  4511 | D:6      | Found a sparkling altar of Nemelex Xobeh.
  4523 | D:6      | Noticed Dowan
  4848 | D:6      | Found Poorup's Lightly-Used Armoury.
  4922 | D:6      | Reached skill level 8 in Axes
  5141 | D:6      | Slain by a vampire

Illustrated notes

Levels and vault maps discovered:
D:1:      ncdulo_smallfort, layout_loops_ring
D:2:      minmay_alternating_diamond, layout_loops_ring, uniq_terence,
          uniq_natasha
D:4:      cheibrodos_thug_alley, layout_loops_ring, general_overflow_altar
D:5:      layout_loops_ring, kennysheep_mini_moat, gammafunk_ghost_stat_death,
          grunt_decor_arrowhead, uniq_crazy_yiuf_cottage
D:6:      layout_gridville, old_standard_altar, minmay_shop_damaged,
          item_on_display_a, uniq_menkaure, uniq_duvessa

Skill      XL: |  1  2  3  4  5  6  7  8 |
---------------+-------------------------+-----
Armour         | 4 5 6 7 |  7.4
Shields        | 4 5 6 7 |  7.7
Fighting       | 4 5 |  5.5
Axes           | 3 4 5 6 8 |  8.2
Dodging        | 1 2 |  2.8
Stealth        | |  0.9

Action                   |  1- 3 |  4- 6 |  7- 9 || total
-------------------------+-------+-------+-------++-------
Melee: War axe           |    71 |    88 |   147 ||   306
       Headbutt          |     8 |    12 |    28 ||    48
  Use: Potion            |       |     1 |     1 ||     2
       Scroll            |       |     4 |       ||     4
Armor: Scale mail        |    37 |    53 |    76 ||   166
Dodge: Dodged            |    28 |    32 |    63 ||   123
Block: Kite shield       |    50 |    66 |    89 ||   205

Table legend: (Time is in decaauts)
 A = Elapsed time spent in this place.
 B = Non-inter-level travel time spent in this place.
 C = Inter-level travel time spent in this place.
 D = Time resting spent in this place.
 E = Time spent auto-exploring this place.
 F = Levels seen in this place.
 G = Mean time per level.
                   A        B        C        D        E       F      G
               +--------+--------+--------+--------+--------+-----+--------+
         Total |   5273 |   5263 |     10 |   1004 |   2587 |   5 | 1054.6 |
       Dungeon |   5273 |   5263 |     10 |   1004 |   2587 |   5 | 1054.6 |
               +--------+--------+--------+--------+--------+-----+--------+

Top non-repeatable levels by time:
     D:4: 1467 daAuts
     D:5: 1227 daAuts
     D:6: 965 daAuts
     D:1: 952 daAuts
     D:2: 660 daAuts
